XFBL
SAN DIEGO PADRES @ CINCINNATI REDS
07/31/1982
 
TOP OF THE 1ST
San Diego Padres batting - Pitching for Cincinnati Reds : RHP Steve Brown
Pitching: RHP Steve Brown
Batting: RHB Bob Dernier 0-0: Ball
1-0: Called Strike
1-1: Called Strike
1-2: Ball
2-2: Ground out 6-3 (Groundball, 6, EV 106.9 MPH)
Batting: RHB Dennis Dungy 0-0: Ball
1-0: Ball
2-0: Called Strike
2-1: Ball
3-1: Called Strike
3-2: DOUBLE (Line Drive, 9LM, EV 102.5 MPH)
Batting: LHB Tom Dunbar 0-0: Called Strike
0-1: Ball
1-1: Foul Ball, location: 2F
1-2: Ball
2-2: SINGLE (Groundball, 4MS, EV 63.8 MPH) (infield hit)
Dennis Dungy to third
Batting: RHB Joel Youngblood 0-0: Ball
1-0: Ball
Tom Dunbar steals 2nd base
2-0: Ground out 6-3 (Groundball, 56, EV 91.9 MPH)
Dennis Dungy scores
Batting: LHB Jerry McDonald 0-0: Ball
1-0: Called Strike
1-1: Hit by Pitch
Pinch Runner at 1st Tommy Curran:
Batting: RHB Heriberto Soltero 0-0: Called Strike
0-1: Hit by Pitch
Tom Dunbar to third
Tommy Curran to second
Batting: LHB Darrell Porter 0-0: Swinging Strike
Passed Ball!
Tom Dunbar scores
Tommy Curran to third
Heriberto Soltero to second
0-1: Swinging Strike
0-2: Ball
1-2: SINGLE (Groundball, P, EV 86.3 MPH) (infield hit)
Tommy Curran scores
Heriberto Soltero to third
Batting: RHB Dave Edler 0-0: Ball
1-0: Ball
2-0: 3-RUN HOME RUN (Flyball, 7D, EV 98.8 MPH), Distance : 373 ft
Batting: LHB Danny Arizola 0-0: Ground out 6-3 (Groundball, 6S, EV 91.9 MPH)
Top of the 1st over - 6 runs, 4 hits, 0 errors, 0 left on base; San Diego 6 - Cincinnati 0
BOTTOM OF THE 1ST
Cincinnati Reds batting - Pitching for San Diego Padres : LHP Danny Arizola
Pitching: LHP Danny Arizola
Now in LF: Tommy Curran
Batting: RHB Jim Anderson 0-0: Ball
1-0: Ball
2-0: Called Strike
2-1: Ball
3-1: Called Strike
3-2: SINGLE (Line Drive, 56D, EV 104.4 MPH)
Batting: RHB Nick Deurloo 0-0: Ball
1-0: Ball
2-0: Called Strike
2-1: Foul Ball, location: 2F
2-2: SINGLE (Groundball, 56S, EV 69.4 MPH) (infield hit)
Jim Anderson to second
Batting: RHB Gary Matthews 0-0: Ball
1-0: Ball
2-0: Called Strike
2-1: Ball
3-1: Base on Balls
Jim Anderson to third
Nick Deurloo to second
Batting: LHB Mike Easler 0-0: Ball
1-0: Ball
2-0: Foul Ball, location: 2F
2-1: Ball
3-1: Swinging Strike
3-2: Foul Ball, location: 2F
3-2: GRAND SLAM HOME RUN (Line Drive, 9LD, EV 103.1 MPH), Distance : 365 ft
Batting: RHB Bill Melton 0-0: Called Strike
0-1: Ball
1-1: Ball
2-1: Swinging Strike
2-2: Ball
3-2: Foul Ball, location: 2F
3-2: Base on Balls
Batting: LHB Darrell Evans 0-0: Called Strike
0-1: Foul Ball, location: 2F
0-2: Strikes out looking
Batting: RHB John Malkin 0-0: Called Strike
0-1: Ball
1-1: Called Strike
1-2: Ball
Passed Ball!
Bill Melton to second
2-2: DOUBLE (Groundball, 5L, EV 99.4 MPH)
Bill Melton scores
Batting: RHB Ramon Borrero 0-0: Called Strike
0-1: Called Strike
0-2: Reached via error on a dropped throw from 1B, E1 (Groundball, 34S, EV 77.5 MPH)
John Malkin to third
Pinch Hitting: LHB Jim Bennett 0-0: Ball
1-0: Ball
2-0: Called Strike
2-1: Fly out, F7 (Flyball, 7S, EV 80.0 MPH)
Batting: RHB Jim Anderson 0-0: Called Strike
0-1: Called Strike
0-2: Ball
1-2: Strikes out swinging
Bottom of the 1st over - 5 runs, 4 hits, 1 error, 2 left on base; San Diego 6 - Cincinnati 5
TOP OF THE 2ND
San Diego Padres batting - Pitching for Cincinnati Reds : RHP Steve Brown
Pitching: LHP Al Hrabosky
Batting: RHB Bob Dernier 0-0: Ball
1-0: Bunt for hit to 13S - play at first, batter OUT! 1-3
Batting: RHB Dennis Dungy 0-0: Called Strike
0-1: Ball
1-1: Ball
2-1: Ball
3-1: Base on Balls
Batting: LHB Tom Dunbar 0-0: Fielders Choice at 2nd, 4-6 (Groundball, 4, EV 105.6 MPH)
Batting: RHB Joel Youngblood 0-0: Ball
1-0: SINGLE (Line Drive, 9S, EV 107.5 MPH)
Tom Dunbar to second
Batting: RHB Tommy Curran 0-0: Ball
1-0: Ball
2-0: Ball
3-0: DOUBLE (Line Drive, 89D, EV 108.8 MPH)
Tom Dunbar scores
Joel Youngblood to third
Runner from 3rd tries for Home, SAFE, no throw by CF
Batting: RHB Heriberto Soltero 0-0: Ball
1-0: Swinging Strike
1-1: Ball
2-1: Swinging Strike
2-2: Foul Ball, location: 2F
2-2: SINGLE (Groundball, 4MD, EV 107.5 MPH)
Tommy Curran to third
Runner from 3rd tries for Home, SAFE, throw by CF to home
Heriberto Soltero to second
Batting: LHB Darrell Porter 0-0: Ball
1-0: Ball
2-0: Foul Ball, location: 2F
2-1: Foul Ball, location: 2F
2-2: Fly out, F6 (Line Drive, 6, EV 65.0 MPH)
Top of the 2nd over - 3 runs, 3 hits, 0 errors, 1 left on base; San Diego 9 - Cincinnati 5
BOTTOM OF THE 2ND
Cincinnati Reds batting - Pitching for San Diego Padres : LHP Danny Arizola
Batting: RHB Nick Deurloo 0-0: Ball
1-0: Ground out 5-3 (Groundball, 56, EV 86.3 MPH)
Batting: RHB Gary Matthews 0-0: Ball
1-0: Foul Ball, location: 2F
1-1: Swinging Strike
1-2: Fly out, F8 (Flyball, 8LM, EV 87.5 MPH)
Batting: LHB Mike Easler 0-0: Ball
1-0: Ball
2-0: Foul Ball, location: 2F
2-1: Foul Ball, location: 2F
2-2: Strikes out swinging
Bottom of the 2nd over - 0 runs, 0 hits, 0 errors, 0 left on base; San Diego 9 - Cincinnati 5
TOP OF THE 3RD
San Diego Padres batting - Pitching for Cincinnati Reds : LHP Al Hrabosky
Batting: RHB Dave Edler 0-0: Called Strike
0-1: Ball
1-1: Ball
2-1: Called Strike
2-2: Foul Ball, location: 2F
2-2: Strikes out swinging
Batting: LHB Danny Arizola 0-0: Ball
1-0: Called Strike
1-1: Ball
2-1: Ball
3-1: Fly out, F7 (Flyball, 7D, EV 91.9 MPH)
Batting: RHB Bob Dernier 0-0: Called Strike
0-1: Foul Ball, location: 2F
0-2: Ball
1-2: Ball
2-2: Ground out 4-3 (Groundball, 13, EV 85.6 MPH)
Top of the 3rd over - 0 runs, 0 hits, 0 errors, 0 left on base; San Diego 9 - Cincinnati 5
BOTTOM OF THE 3RD
Cincinnati Reds batting - Pitching for San Diego Padres : LHP Danny Arizola
Batting: RHB Bill Melton 0-0: Called Strike
0-1: Ball
1-1: Fly out, F7 (Flyball, 78S, EV 90.6 MPH)
Batting: LHB Darrell Evans 0-0: Called Strike
0-1: Ground out 4-3 (Groundball, 4, EV 81.9 MPH)
Batting: RHB John Malkin 0-0: Foul Ball, location: 2F
0-1: Swinging Strike
0-2: Ball
1-2: Ball
2-2: Ball
3-2: Ground out 5-3 (Groundball, 56S, EV 69.4 MPH)
Bottom of the 3rd over - 0 runs, 0 hits, 0 errors, 0 left on base; San Diego 9 - Cincinnati 5
TOP OF THE 4TH
San Diego Padres batting - Pitching for Cincinnati Reds : LHP Al Hrabosky
Batting: RHB Dennis Dungy 0-0: Ball
1-0: Swinging Strike
1-1: Ball
2-1: Ground out 6-3 (Groundball, 6M, EV 103.1 MPH)
Batting: LHB Tom Dunbar 0-0: SINGLE (Groundball, 6D, EV 96.3 MPH)
Batting: RHB Joel Youngblood 0-0: Fielders Choice at 2nd, 5-4 (Groundball, 56, EV 90.6 MPH)
Batting: RHB Tommy Curran 0-0: Ground out 4-3 (Groundball, 34, EV 88.1 MPH)
Top of the 4th over - 0 runs, 1 hit, 0 errors, 1 left on base; San Diego 9 - Cincinnati 5
BOTTOM OF THE 4TH
Cincinnati Reds batting - Pitching for San Diego Padres : LHP Danny Arizola
Batting: RHB Ramon Borrero 0-0: Ball
1-0: Called Strike
1-1: Ball
2-1: Fly out, F8 (Flyball, 8LD, EV 86.9 MPH)
Batting: RHB Al Hrabosky 0-0: Ball
1-0: Called Strike
1-1: Ball
2-1: Ball
3-1: Base on Balls
Batting: RHB Jim Anderson 0-0: Fly out, F8 (Flyball, 8LXD, EV 85.6 MPH)
Batting: RHB Nick Deurloo 0-0: Called Strike
0-1: Foul Ball, location: 2F
0-2: Strikes out swinging
Bottom of the 4th over - 0 runs, 0 hits, 0 errors, 1 left on base; San Diego 9 - Cincinnati 5
TOP OF THE 5TH
San Diego Padres batting - Pitching for Cincinnati Reds : LHP Al Hrabosky
Batting: RHB Heriberto Soltero 0-0: Fly out, F8 (Flyball, 8RD, EV 103.1 MPH)
Batting: LHB Darrell Porter 0-0: Called Strike
0-1: Ball
1-1: Ball
2-1: Foul Ball, location: 2F
2-2: Strikes out swinging
Batting: RHB Dave Edler 0-0: Foul Ball, location: 2F
0-1: Hit by Pitch
Batting: LHB Danny Arizola 0-0: Called Strike
0-1: Fly out, F8 (Flyball, 8RD, EV 95.0 MPH)
Top of the 5th over - 0 runs, 0 hits, 0 errors, 1 left on base; San Diego 9 - Cincinnati 5
BOTTOM OF THE 5TH
Cincinnati Reds batting - Pitching for San Diego Padres : LHP Danny Arizola
Batting: RHB Gary Matthews 0-0: Ball
1-0: Fly out, F8 (Flyball, 78M, EV 93.1 MPH)
Batting: LHB Mike Easler 0-0: Ball
1-0: Ball
2-0: Foul Ball, location: 2F
2-1: DOUBLE (Flyball, 9LD, EV 90.0 MPH)
Batting: RHB Bill Melton 0-0: Called Strike
0-1: Ball
1-1: SINGLE (Line Drive, 89M, EV 108.1 MPH)
Mike Easler to third
Runner from 3rd tries for Home, SAFE, throw by CF to home
Pitching: LHP Ed Vande Berg
Batting: LHB Darrell Evans 0-0: Called Strike
0-1: Ball
1-1: Called Strike
1-2: Strikes out swinging
Batting: RHB John Malkin 0-0: Ball
1-0: Ball
2-0: Foul Ball, location: 2F
2-1: Foul Ball, location: 2F
2-2: Ball
3-2: Strikes out swinging
Bottom of the 5th over - 1 run, 2 hits, 0 errors, 1 left on base; San Diego 9 - Cincinnati 6
TOP OF THE 6TH
San Diego Padres batting - Pitching for Cincinnati Reds : LHP Al Hrabosky
Pitching: LHP Pat Underwood
Now at C: Johnny Bench
Batting: RHB Bob Dernier 0-0: Ball
1-0: Called Strike
1-1: Ground out 5-3 (Groundball, 56S, EV 86.3 MPH)
Batting: RHB Dennis Dungy 0-0: Called Strike
0-1: Foul Ball, location: 2F
0-2: Ground out 5-3 (Groundball, 56S, EV 65.6 MPH)
Batting: LHB Tom Dunbar 0-0: Called Strike
0-1: SINGLE (Flyball, 89S, EV 90.0 MPH)
Batting: RHB Joel Youngblood 0-0: Swinging Strike
0-1: Fielders Choice at 2nd, 6-4 (Groundball, 6, EV 83.8 MPH)
Top of the 6th over - 0 runs, 1 hit, 0 errors, 1 left on base; San Diego 9 - Cincinnati 6
BOTTOM OF THE 6TH
Cincinnati Reds batting - Pitching for San Diego Padres : LHP Ed Vande Berg
Batting: RHB Ramon Borrero 0-0: Called Strike
0-1: Ball
1-1: Ball
2-1: Foul Ball, location: 2F
2-2: Ball
3-2: Ground out 3-1 (Groundball, 34, EV 83.1 MPH)
Batting: RHB Johnny Bench 0-0: Foul Ball, location: 2F
0-1: Swinging Strike
0-2: Ball
1-2: Ball
2-2: Ball
3-2: SOLO HOME RUN (Flyball, 7D, EV 101.9 MPH), Distance : 377 ft
Batting: RHB Jim Anderson 0-0: Called Strike
0-1: Ball
1-1: Ball
2-1: Foul Ball, location: 2F
2-2: Ground out 1-3 (Groundball, 34S, EV 64.4 MPH)
Batting: RHB Nick Deurloo 0-0: Foul Ball, location: 2F
0-1: DOUBLE (Flyball, 89XD, EV 96.9 MPH)
Batting: RHB Gary Matthews 0-0: Ball
1-0: Called Strike
1-1: Foul Ball, location: 2F
1-2: Strikes out looking
Bottom of the 6th over - 1 run, 2 hits, 0 errors, 1 left on base; San Diego 9 - Cincinnati 7
TOP OF THE 7TH
San Diego Padres batting - Pitching for Cincinnati Reds : LHP Pat Underwood
Batting: RHB Tommy Curran 0-0: SOLO HOME RUN (Flyball, 78XD, EV 109.4 MPH), Distance : 403 ft
Batting: RHB Heriberto Soltero 0-0: Called Strike
0-1: Ball
1-1: Fly out, F2 (Popup, 2LF, EV 96.3 MPH)
Batting: LHB Darrell Porter 0-0: Called Strike
0-1: Fly out, F7 (Flyball, 78XD, EV 107.5 MPH)
Batting: RHB Dave Edler 0-0: Ball
1-0: Ball
2-0: Ground out 5-3 (Groundball, 56, EV 80.6 MPH)
Top of the 7th over - 1 run, 1 hit, 0 errors, 0 left on base; San Diego 10 - Cincinnati 7
BOTTOM OF THE 7TH
Cincinnati Reds batting - Pitching for San Diego Padres : LHP Ed Vande Berg
Batting: LHB Mike Easler 0-0: Ball
1-0: Called Strike
1-1: Called Strike
1-2: Foul Ball, location: 2F
1-2: Ball
2-2: Strikes out looking
Pitching: LHP Bill Travers
Batting: RHB Bill Melton 0-0: Foul Ball, location: 2F
0-1: Fly out, F9 (Flyball, 9LD, EV 107.5 MPH)
Batting: LHB Darrell Evans 0-0: Fly out, F7 (Line Drive, 7, EV 96.9 MPH)
Bottom of the 7th over - 0 runs, 0 hits, 0 errors, 0 left on base; San Diego 10 - Cincinnati 7
TOP OF THE 8TH
San Diego Padres batting - Pitching for Cincinnati Reds : LHP Pat Underwood
Pinch Hitting: RHB Mike Calise 0-0: SINGLE (Groundball, 56S, EV 67.5 MPH) (infield hit)
Batting: RHB Bob Dernier 0-0: Bunted foul
0-1: Sac Bunt to 3S - play at first, batter OUT! 3-4
Mike Calise to second
Batting: RHB Dennis Dungy 0-0: Intentional Walk
Batting: LHB Tom Dunbar 0-0: Fly out, F7 (Line Drive, 7, EV 89.4 MPH)
Batting: RHB Joel Youngblood 0-0: Ball
1-0: Fly out, F9 (Flyball, 9LM, EV 83.1 MPH)
Top of the 8th over - 0 runs, 1 hit, 0 errors, 2 left on base; San Diego 10 - Cincinnati 7
BOTTOM OF THE 8TH
Cincinnati Reds batting - Pitching for San Diego Padres : LHP Bill Travers
Pitching: RHP Craig Eaton
Pinch Hitting: LHB Joseph Talley 0-0: Foul Ball, location: 2F
0-1: Foul Ball, location: 2F
0-2: Ball
1-2: Ball
2-2: Ground out 6-3 (Groundball, 6M, EV 88.8 MPH)
Batting: RHB Ramon Borrero 0-0: Called Strike
0-1: Ball
1-1: Ground out 6-3 (Groundball, 6, EV 86.3 MPH)
Batting: RHB Johnny Bench 0-0: Called Strike
0-1: Ball
1-1: Foul Ball, location: 2F
1-2: Ball
2-2: Ball
3-2: Ground out 2-3 (Groundball, 13S, EV 68.1 MPH)
Bottom of the 8th over - 0 runs, 0 hits, 0 errors, 0 left on base; San Diego 10 - Cincinnati 7
TOP OF THE 9TH
San Diego Padres batting - Pitching for Cincinnati Reds : LHP Pat Underwood
Pitching: RHP Mike Armstrong
Batting: RHB Tommy Curran 0-0: Ball
1-0: Called Strike
1-1: Swinging Strike
1-2: Ball
2-2: SOLO HOME RUN (Flyball, 78XD, EV 88.1 MPH), Distance : 397 ft
Batting: RHB Heriberto Soltero 0-0: Ball
1-0: Fly out, F9 (Flyball, 9, EV 81.3 MPH)
Batting: LHB Darrell Porter 0-0: Ball
1-0: Ball
2-0: Called Strike
2-1: Ball
3-1: Base on Balls
Batting: RHB Dave Edler 0-0: Ball
1-0: Ball
2-0: Ball
3-0: Called Strike
3-1: Base on Balls
Darrell Porter to second
Pinch Hitting: LHB Chris Chambliss 0-0: Called Strike
0-1: Ball
1-1: Ball
2-1: 3-RUN HOME RUN (Line Drive, 9D, EV 105.0 MPH), Distance : 388 ft
Pitching: RHP Mike Rowland
Batting: RHB Bob Dernier 0-0: Foul Ball, location: 2F
0-1: Called Strike
0-2: Ground out 3-1 (Groundball, 34, EV 104.4 MPH)
Batting: RHB Dennis Dungy 0-0: Called Strike
0-1: Foul Ball, location: 2F
0-2: Fly out, F5 (Flyball, 5D, EV 91.3 MPH)
Top of the 9th over - 4 runs, 2 hits, 0 errors, 0 left on base; San Diego 14 - Cincinnati 7
BOTTOM OF THE 9TH
Cincinnati Reds batting - Pitching for San Diego Padres : RHP Craig Eaton
Pitching: LHP Jack W O'Connor
Pinch Hitting: RHB John Damon 0-0: Ball
1-0: Fly out, F9 (Flyball, 9, EV 95.6 MPH)
Batting: RHB Nick Deurloo 0-0: Fly out, F9 (Flyball, 9S, EV 88.1 MPH)
Batting: RHB Gary Matthews 0-0: Ball
1-0: Foul Ball, location: 2F
1-1: Swinging Strike
1-2: Ball
2-2: Foul Ball, location: 2F
2-2: Ball
3-2: Base on Balls
Batting: LHB Mike Easler 0-0: 2-RUN HOME RUN (Flyball, 9D, EV 97.5 MPH), Distance : 396 ft
Batting: RHB Bill Melton 0-0: Called Strike
0-1: Fly out, F8 (Flyball, 78XD, EV 95.6 MPH)
Bottom of the 9th over - 2 runs, 1 hit, 0 errors, 0 left on base; San Diego 14 - Cincinnati 9
Wednesday, August 19th, 2020 - OOTP Baseball 21.5 Build 76